PL
ATLANTA SMOKE @ PANAMA CITY PIRANHAS
07/28/2026
 
TOP OF THE 1ST
Atlanta Smoke batting - Pitching for Panama City Piranhas : LHP Pedro Alejándrez
Pitching: LHP Pedro Alejándrez
Batting: LHB Bernardo Elías 0-0: Ball
1-0: Swinging Strike
1-1: Ball
2-1: Ball
3-1: Ground out 3-1 (Groundball, 34)
Batting: RHB Bartolo Morales 0-0: Called Strike
0-1: Ball
1-1: Swinging Strike
1-2: Foul Ball, location: 2F
1-2: Fly out, F6 (Line Drive, 6)
Batting: LHB Albert Morán 0-0: Ball
1-0: Called Strike
1-1: Foul Ball, location: 2F
1-2: Strikes out swinging
Top of the 1st over - 0 run(s), 0 hit(s), 0 error(s), 0 left on base; Atlanta 0 - Panama City 0
BOTTOM OF THE 1ST
Panama City Piranhas batting - Pitching for Atlanta Smoke : RHP Tom Rosas
Pitching: RHP Tom Rosas
Batting: RHB Juan Jose Ayala 0-0: Foul Ball, location: 2F
0-1: Fly out, F5 (Popup, 5S)
Batting: LHB Herman Hayes 0-0: Fly out, F1 (Line Drive, 15)
Batting: SHB Tsing Guao 0-0: Called Strike
0-1: Ball
1-1: Called Strike
1-2: Ball
2-2: Ground out U3 (Groundball, 3S)
Bottom of the 1st over - 0 run(s), 0 hit(s), 0 error(s), 0 left on base; Atlanta 0 - Panama City 0
TOP OF THE 2ND
Atlanta Smoke batting - Pitching for Panama City Piranhas : LHP Pedro Alejándrez
Batting: RHB Gabriel Maldonado 0-0: Ball
1-0: Called Strike
1-1: Ball
2-1: SINGLE (Flyball, 8LS)
Batting: LHB Ned Durand 0-0: Called Strike
0-1: Called Strike
0-2: Ball
1-2: Foul Ball, location: 2F
1-2: Ground out 6-3 (Groundball, 6MD)
Gabriel Maldonado to second
Batting: RHB Layton Templeman 0-0: Fly out, F9 (Flyball, 9LD)
Runner from 2nd tags up, SAFE at 3rd, no throw
Batting: RHB Gerardo Castillo 0-0: Called Strike
0-1: Foul Ball, location: 2F
0-2: SINGLE (Line Drive, 78S)
Gabriel Maldonado scores
Batting: RHB Clarence Fox 0-0: Swinging Strike
0-1: Ball
1-1: Swinging Strike
1-2: Foul Ball, location: 2F
1-2: Foul Ball, location: 2F
1-2: Ball
2-2: Ball
3-2: Foul Ball, location: 2F
3-2: Fly out, F9 (Line Drive, 9)
Top of the 2nd over - 1 run(s), 2 hit(s), 0 error(s), 1 left on base; Atlanta 1 - Panama City 0
BOTTOM OF THE 2ND
Panama City Piranhas batting - Pitching for Atlanta Smoke : RHP Tom Rosas
Batting: RHB Fernando Silva 0-0: Ball
1-0: Foul Ball, location: 2F
1-1: Called Strike
1-2: Ball
2-2: Ball
3-2: Foul Ball, location: 2F
3-2: Foul Ball, location: 2F
3-2: Base on Balls
Batting: LHB Robert Adams 0-0: Ball
1-0: Called Strike
1-1: Ball
2-1: Ball
3-1: Base on Balls
Fernando Silva to second
Batting: RHB Raúl Ortíz 0-0: Called Strike
0-1: Foul Ball, location: 2F
0-2: SINGLE (Groundball, 34) (infield hit)
Fernando Silva to third
Robert Adams to second
Batting: RHB Armando Alvarado 0-0: Ball
1-0: Fly out, F5 (Popup, 5S)
Batting: RHB Baldomero Avino 0-0: Ball
1-0: Ball
2-0: Called Strike
2-1: Grounds into double play, 6-4-3 (Groundball, 6)
Bottom of the 2nd over - 0 run(s), 1 hit(s), 0 error(s), 2 left on base; Atlanta 1 - Panama City 0
TOP OF THE 3RD
Atlanta Smoke batting - Pitching for Panama City Piranhas : LHP Pedro Alejándrez
Batting: RHB Travis Newsome 0-0: Foul Ball, location: 2F
0-1: Foul Ball, location: 2F
0-2: Strikes out swinging
Batting: LHB Bernardo Elías 0-0: Ground out 6-3 (Groundball, 56)
Batting: RHB Bartolo Morales 0-0: Called Strike
0-1: Swinging Strike
0-2: Ground out 6-3 (Groundball, 6)
Top of the 3rd over - 0 run(s), 0 hit(s), 0 error(s), 0 left on base; Atlanta 1 - Panama City 0
BOTTOM OF THE 3RD
Panama City Piranhas batting - Pitching for Atlanta Smoke : RHP Tom Rosas
Batting: SHB Marc Talamante 0-0: Called Strike
0-1: Ball
1-1: Swinging Strike
1-2: Foul Ball, location: 2F
1-2: Ground out 1-3 (Groundball, 15S)
Batting: RHB Juan Jose Ayala 0-0: Ball
1-0: Ground out 5-3 (Groundball, 56S)
Batting: LHB Herman Hayes 0-0: Called Strike
0-1: Foul Ball, location: 2F
0-2: Foul Ball, location: 2F
0-2: Strikes out swinging
Bottom of the 3rd over - 0 run(s), 0 hit(s), 0 error(s), 0 left on base; Atlanta 1 - Panama City 0
TOP OF THE 4TH
Atlanta Smoke batting - Pitching for Panama City Piranhas : LHP Pedro Alejándrez
Batting: LHB Albert Morán 0-0: Called Strike
0-1: Called Strike
0-2: Ball
1-2: Ball
2-2: Fly out, F9 (Flyball, 9)
Batting: RHB Gabriel Maldonado 0-0: Swinging Strike
0-1: Ball
1-1: Swinging Strike
1-2: Strikes out swinging
Batting: LHB Ned Durand 0-0: Called Strike
0-1: Called Strike
0-2: Ball
1-2: Strikes out swinging
Top of the 4th over - 0 run(s), 0 hit(s), 0 error(s), 0 left on base; Atlanta 1 - Panama City 0
BOTTOM OF THE 4TH
Panama City Piranhas batting - Pitching for Atlanta Smoke : RHP Tom Rosas
Batting: SHB Tsing Guao 0-0: Ball
1-0: Foul Ball, location: 2F
1-1: Ball
2-1: Swinging Strike
2-2: Ball
3-2: Fly out, F6 (Popup, 6D)
Batting: RHB Fernando Silva 0-0: Ball
1-0: SINGLE (Groundball, 6MD)
Batting: LHB Robert Adams 0-0: Ball
1-0: 2-RUN HOME RUN (Flyball, 89XD), Distance : 405 ft
Batting: RHB Raúl Ortíz 0-0: Ball
1-0: Foul Ball, location: 2F
1-1: Ball
2-1: Ball
3-1: Foul Ball, location: 2F
3-2: Foul Ball, location: 2F
3-2: Foul Ball, location: 2F
3-2: Fly out, F9 (Flyball, 9LSF)
Batting: RHB Armando Alvarado 0-0: Ball
1-0: Called Strike
1-1: Called Strike
1-2: SINGLE (Flyball, 78S)
Batting: RHB Baldomero Avino 0-0: Called Strike
0-1: Ball
1-1: Ball
2-1: Called Strike
2-2: Fly out, F8 (Flyball, 8LM)
Bottom of the 4th over - 2 run(s), 3 hit(s), 0 error(s), 1 left on base; Atlanta 1 - Panama City 2
TOP OF THE 5TH
Atlanta Smoke batting - Pitching for Panama City Piranhas : LHP Pedro Alejándrez
Batting: RHB Layton Templeman 0-0: Ball
1-0: Ball
2-0: Fly out, F6 (Line Drive, 6D)
Batting: RHB Gerardo Castillo 0-0: Foul Ball, location: 2F
0-1: Swinging Strike
0-2: Ball
1-2: Ground out 5-3 (Groundball, 56)
Batting: RHB Clarence Fox 0-0: Called Strike
0-1: Called Strike
0-2: Ball
1-2: Strikes out swinging
Top of the 5th over - 0 run(s), 0 hit(s), 0 error(s), 0 left on base; Atlanta 1 - Panama City 2
BOTTOM OF THE 5TH
Panama City Piranhas batting - Pitching for Atlanta Smoke : RHP Tom Rosas
Batting: SHB Marc Talamante 0-0: Ball
1-0: Ball
2-0: Swinging Strike
2-1: Ball
3-1: Called Strike
3-2: Strikes out looking
Batting: RHB Juan Jose Ayala 0-0: Ball
1-0: Ground out 4-3 (Groundball, 34)
Batting: LHB Herman Hayes 0-0: Ball
1-0: Ball
2-0: Fly out, F7 (Flyball, 7LS)
Bottom of the 5th over - 0 run(s), 0 hit(s), 0 error(s), 0 left on base; Atlanta 1 - Panama City 2
TOP OF THE 6TH
Atlanta Smoke batting - Pitching for Panama City Piranhas : LHP Pedro Alejándrez
Batting: RHB Travis Newsome 0-0: Swinging Strike
0-1: Ball
1-1: Foul Ball, location: 2F
1-2: Ground out 6-3 (Groundball, 6)
Pitching: RHP Francisco Barrios
Batting: LHB Bernardo Elías 0-0: Called Strike
0-1: Ball
1-1: Ball
2-1: Fly out, F9 (Flyball, 9)
Batting: RHB Bartolo Morales 0-0: Ball
1-0: Ground out 6-3 (Groundball, 6)
Top of the 6th over - 0 run(s), 0 hit(s), 0 error(s), 0 left on base; Atlanta 1 - Panama City 2
BOTTOM OF THE 6TH
Panama City Piranhas batting - Pitching for Atlanta Smoke : RHP Tom Rosas
Batting: SHB Tsing Guao 0-0: Foul Ball, location: 2F
0-1: Ball
1-1: Called Strike
1-2: Ball
2-2: Ball
3-2: Base on Balls
Batting: RHB Fernando Silva 0-0: Called Strike
0-1: Ball
1-1: Ball
2-1: Foul Ball, location: 2F
2-2: Strikes out swinging
Batting: LHB Robert Adams 0-0: Ball
1-0: Ball
2-0: Called Strike
2-1: Foul Ball, location: 2F
2-2: Strikes out swinging
Batting: RHB Raúl Ortíz 0-0: Ball
1-0: Ground out 3-1 (Groundball, 34S)
Bottom of the 6th over - 0 run(s), 0 hit(s), 0 error(s), 1 left on base; Atlanta 1 - Panama City 2
TOP OF THE 7TH
Atlanta Smoke batting - Pitching for Panama City Piranhas : RHP Francisco Barrios
Batting: LHB Albert Morán 0-0: Ball
1-0: Called Strike
1-1: Ball
2-1: Ball
3-1: Swinging Strike
3-2: Strikes out looking
Batting: RHB Gabriel Maldonado 0-0: Ball
1-0: Called Strike
1-1: Ball
2-1: Foul Ball, location: 2F
2-2: Ball
3-2: Foul Ball, location: 2F
3-2: Foul Ball, location: 2F
3-2: Foul Ball, location: 2F
3-2: Foul Ball, location: 2F
3-2: Foul Ball, location: 2F
3-2: Fly out, F8 (Flyball, 8LD)
Batting: LHB Ned Durand 0-0: Swinging Strike
0-1: Ball
1-1: Ground out 6-3 (Groundball, 6)
Top of the 7th over - 0 run(s), 0 hit(s), 0 error(s), 0 left on base; Atlanta 1 - Panama City 2
BOTTOM OF THE 7TH
Panama City Piranhas batting - Pitching for Atlanta Smoke : RHP Tom Rosas
Batting: RHB Armando Alvarado 0-0: Called Strike
0-1: Ball
1-1: Ball
2-1: Called Strike
2-2: Ball
3-2: Base on Balls
Batting: RHB Baldomero Avino 0-0: Called Strike
0-1: Foul Ball, location: 2F
0-2: Ball
1-2: Foul Ball, location: 2F
1-2: Grounds into double play, 6-4-3 (Groundball, 6)
Batting: SHB Marc Talamante 0-0: Ball
1-0: SINGLE (Groundball, 56D)
Batting: RHB Juan Jose Ayala 0-0: Ball
1-0: Called Strike
1-1: Fielders Choice at 2nd, U4 (Groundball, 4M)
Bottom of the 7th over - 0 run(s), 1 hit(s), 0 error(s), 1 left on base; Atlanta 1 - Panama City 2
TOP OF THE 8TH
Atlanta Smoke batting - Pitching for Panama City Piranhas : RHP Francisco Barrios
Pitching: RHP Tobías Pérez
Batting: RHB Layton Templeman 0-0: Called Strike
0-1: Ball
1-1: Ball
2-1: Swinging Strike
2-2: Strikes out looking
Batting: RHB Gerardo Castillo 0-0: Ball
1-0: SINGLE (Groundball, 34D)
Pinch Hitting: LHB Willis Baker 0-0: Called Strike
0-1: Called Strike
0-2: Ball
1-2: Ball
2-2: Grounds into double play, 4-6-3 (Groundball, 34)
Top of the 8th over - 0 run(s), 1 hit(s), 0 error(s), 0 left on base; Atlanta 1 - Panama City 2
BOTTOM OF THE 8TH
Panama City Piranhas batting - Pitching for Atlanta Smoke : RHP Tom Rosas
Now in CF: Arturo Maldonado
Batting: LHB Herman Hayes 0-0: Called Strike
0-1: Foul Ball, location: 2F
0-2: Fly out, F7 (Flyball, 7)
Batting: SHB Tsing Guao 0-0: Ball
1-0: Foul Ball, location: 2F
1-1: Foul Ball, location: 2F
1-2: SOLO HOME RUN (Flyball, 8LXD), Distance : 431 ft
Pitching: RHP Bruce Hamilton
Batting: RHB Fernando Silva 0-0: Called Strike
0-1: Ball
1-1: Foul Ball, location: 2F
1-2: Ball
2-2: Fly out, F8 (Flyball, 8RD)
Batting: LHB Robert Adams 0-0: Foul Ball, location: 2F
0-1: Ball
1-1: Ball
2-1: SOLO HOME RUN (Line Drive, 9D), Distance : 406 ft
Batting: RHB Raúl Ortíz 0-0: Called Strike
0-1: Ball
1-1: Foul Ball, location: 2F
1-2: Ball
2-2: Strikes out swinging
Bottom of the 8th over - 2 run(s), 2 hit(s), 0 error(s), 0 left on base; Atlanta 1 - Panama City 4
TOP OF THE 9TH
Atlanta Smoke batting - Pitching for Panama City Piranhas : RHP Tobías Pérez
Pitching: RHP Edgardo Marín
Batting: RHB Travis Newsome 0-0: Foul Ball, location: 2F
0-1: Foul Ball, location: 2F
0-2: Fly out, F8 (Line Drive, 8RXD)
Batting: LHB Bernardo Elías 0-0: Called Strike
0-1: Called Strike
0-2: Strikes out swinging
Batting: RHB Bartolo Morales 0-0: SINGLE (Line Drive, 7LS)
Batting: LHB Albert Morán 0-0: Called Strike
0-1: Foul Ball, location: 2F
0-2: Foul Ball, location: 2F
0-2: Fielders Choice at 2nd, 6-4 (Groundball, 6)
Top of the 9th over - 0 run(s), 1 hit(s), 0 error(s), 0 left on base; Atlanta 1 - Panama City 4
Monday, March 20th, 2017 - OOTP Baseball 17.12 Build 75